 Dungeon Crawl Stone Soup version 0.16.0-18-g484a79e (console) character file.

58 gw the Vexing (level 3, 0/18 HPs)
             Began as a Spriggan Arcane Marksman on Mar 23, 2015.
             Slain by an adder (3 damage)
             ... on level 3 of the Dungeon.
             The game lasted 00:02:33 (2574 turns).

gw the Vexing (Spriggan Arcane Marksman)            Turns: 2574, Time: 00:02:33

Health: 0/18       AC:  2    Str:  7    XL:     3   Next: 75%
Magic:  6/9        EV: 18    Int: 15    God:
Gold:   191        SH:  0    Dex: 15    Spells: 1 memorised, 6 levels left

rFire  . . .     SeeInvis +     b - +0 dagger
rCold  . . .     Clarity  +     k - +0 robe
rNeg   . . .     SustAb   +     (shield restricted)
rPois  .         Gourm    .     (helmet restricted)
rElec  .         Spirit   .     (no cloak)
rCorr  .         Warding  .     (gloves unavailable)
rMut   .         Stasis   .     (boots unavailable)
MR     +....                    p - amulet of clarity
Stlth  +.........               m - ring of protection from magic
                                e - ring of sustain abilities

@: very quick, somewhat resistant to hostile enchantments, very unstealthy
A: unfitting armour, see invisible, herbivore 3, speed 3, slow metabolism 2,
evolution 1
a: no special abilities


You were on level 3 of the Dungeon.
You were not hungry.

You visited 1 branch of the dungeon, and saw 3 of its levels.

You collected 191 gold pieces.

Inventory:

Hand weapons
 a - a +0 hunting sling of evasion
 b - a +0 dagger (weapon)
Missiles
 c - 37 sling bullets
 g - 76 stones (quivered)
Armour
 k - a +0 robe (worn)
Jewellery
 e - a ring of sustain abilities (left hand)
 m - a ring of protection from magic (right hand)
 p - an amulet of clarity (around neck)
Scrolls
 i - 2 scrolls of remove curse
 j - 2 scrolls of identify
Potions
 o - a potion of curing
Books
 d - a book of Debilitation

   Spells                             Type                      Level
   a - Corona                         Hexes                        1
   b - Slow                           Hexes                        2
   c - Inner Flame                    Hexes/Fire                   3
   d - Enslavement                    Hexes                        4
   e - Cause Fear                     Hexes                        4
   f - Leda's Liquefaction            Hexes/Earth                  4
Comestibles
 f - 4 bread rations
 n - a slice of pizza


   Skills:
 + Level 1.1 Fighting
 + Level 1.4 Short Blades
 + Level 2.7 Slings
 + Level 3.2 Dodging
 * Level 2.7 Spellcasting
 + Level 4.2 Hexes


You had 6 spell levels left.
You knew the following spells:

 Your Spells              Type           Power        Failure   Level  Hunger
a - Corona                Hex            ##.....      4%          1    #......


Dungeon Overview and Level Annotations

Branches:
Dungeon (3/15)

Altars:
Elyvilon
Xom

Annotations:
D:2 exclusion: downstairs
D:3 gw's ghost, average DrTm


Innate Abilities, Weirdness & Mutations

You are tiny and cannot use many weapons and most armour.
You have supernaturally acute eyesight.
You are a herbivore.
You cover ground extremely quickly.
You need consume almost no food.
You evolve.


Message History

The adder bites you. Gw's ghost hits you.
Unknown command.
Unknown command.
Unknown command.
Unknown command.
Unknown command.
Unknown command.
You hit gw's ghost but do no damage.
Gw's ghost is lightly damaged.
The adder misses you. Gw's ghost closely misses you.
Unknown command.
Unknown command.
Unknown command.
Unknown command.
FLEEEEING!
ATTACKING (-1,-1)
You hit gw's ghost but do no damage.
Gw's ghost is lightly damaged.
The adder bites you. Gw's ghost hits you. The adder bites you.
You die...

#.# #.######.###
#.# #.##..W....#
##.###.##.###.#.#
....W.....# #.#.#
.....#.#### #.#.#
#...##.######.#.#
##.###........#.#
#.# ##########W##
#.# #.i# #+# ##S#
#.# ... ##.#.
..#.# ... . ###
##


You could see gw's ghost and an adder.

Table legend:
 A = Turns spent in this place as a percentage of turns spent in the entire game.
 B = Non-inter-level travel turns spent in this place as a percentage of non-inter-level travel turns spent in the entire game.
 C = Inter-level travel turns spent in this place as a percentage of turns spent in this place.
 D = Turns resting spent in this place as a percentage of non-inter-level travel turns spent in this place.
 E = Turns spent auto-exploring this place as a percentage of non-inter-level travel turns spent in this place.
 F = Non-inter-level travel turns spent in this place divided by the number of levels of this place that you've seen.
                   A       B       C       D       E      F
               +-------+-------+-------+-------+-------+----------------------
         Total | 100.0 | 100.0 |   0.1 |   2.3 |   2.3 | 1149.7
       Dungeon | 100.0 | 100.0 |   0.1 |   2.3 |   2.3 | 1149.7
               +-------+-------+-------+-------+-------+----------------------

Table legend:
 A = Kills in this place as a percentage of kills in entire the game.
 B = Kills by you in this place as a percentage of kills by you in the entire game.
 C = Kills by friends in this place as a percentage of kills by friends in the entire game.
 D = Other kills in this place as a percentage of other kills in the entire game.
 E = Experience gained in this place as a percentage of experience gained in the entire game.
 F = Experience gained in this place divided by the number of levels of this place that you have seen.
                   A       B       C       D       E      F
               +-------+-------+-------+-------+-------+----------------------
         Total | 100.0 | 100.0 |  -nan |  -nan | 100.0 |  27.7
       Dungeon | 100.0 | 100.0 |  -nan |  -nan | 100.0 |  27.7
               +-------+-------+-------+-------+-------+----------------------

Vanquished Creatures
  An adder (D:2)
  A giant mite (D:2)
  2 worms (D:2)
  A giant gecko (D:1)
  7 bats
  4 hobgoblins
  4 kobolds
  A giant cockroach (D:2)
  A giant newt (D:1)
  4 goblins
  2 rats
28 creatures vanquished.

Notes
Turn   | Place    | Note
--------------------------------------------------------------
     0 | D:1      | gw, the Spriggan Arcane Marksman, began the quest for the Orb.
     0 | D:1      | Reached XP level 1. HP: 9/9 MP: 3/3
    96 | D:1      | Reached skill level 1 in Fighting
   516 | D:1      | Reached XP level 2. HP: 14/14 MP: 3/5
  1298 | D:2      | Reached skill level 1 in Short Blades
  1298 | D:2      | Reached skill level 4 in Hexes
  1333 | D:2      | Reached XP level 3. HP: 18/18 MP: 6/9
  1887 | D:2      | Found a shimmering altar of Xom.
  2008 | D:2      | Found a white marble altar of Elyvilon.
  2334 | D:2      | Gained mutation: You evolve. [potion of beneficial mutation]
  2385 | D:3      | Noticed gw's ghost (average DrTm)
  2574 | D:3      | Slain by an adder

Action                   || total
-------------------------++-------
Melee: Dagger            ||    26
 Fire: Hunting sling     ||    69
 Cast: Corona            ||    49
  Use: Scroll            ||     4
       Potion            ||     5
 Stab: Sleeping          ||     1

Vault maps used:
D:1:      noname_arrival_rooms_in_the_neighbourhood
D:2:      lemuel_coloured_pillars_altar, kennysheep_doodads,
          roderic_roman_lattice, lemuel_statue_altar
D:3:      first_bread
